 Dungeon Crawl Stone Soup version 0.30-a0-394-g3e4acdb0ae (webtiles) character file.

Game seed: 5768989866133421443

11 McMuffin the Ruffian (level 2, 23/23 HPs)
             Began as a Draconian Transmuter on Dec 6, 2022.
             Quit the game on level 2 of the Dungeon.
             The game lasted 00:10:09 (496 turns).

McMuffin the Ruffian (Draconian Transmuter)          Turns: 496, Time: 00:10:09

Health: 23/23      AC:  4    Str: 12    XL:     2   Next: 13%
Magic:  5/5        EV: 12    Int: 19    God:
Gold:   18         SH:  0    Dex: 11    Spells: 4/5 levels left

rFire   . . .      SeeInvis .    e - +0 short sword
rCold   . . .      Faith    .    (no shield)
rNeg    . . .      Spirit   .    (body armour unavailable)
rPois   .          Reflect  .    (helmet restricted)
rElec   .          Harm     .    (no cloak)
rCorr   .          Rampage  .    (no gloves)
Will    .....                    (no boots)
Stlth   +.........               (no amulet)
HPRegen 0.23/turn                b - +6 ring of intelligence
MPRegen 0.09/turn                (no ring)

@: no status effects
A: AC +4, unfitting armour, cold-blooded
a: no special abilities


You were on level 2 of the Dungeon.
You visited 1 branch of the dungeon, and saw 2 of its levels.

You collected 18 gold pieces.

Inventory:

Hand Weapons
 e - a +0 short sword (weapon)
Jewellery
 b - a +6 ring of intelligence (left hand)
Scrolls
 c - a scroll of fear {unknown}
 d - a scroll of magic mapping {unknown}
Potions
 a - a potion of lignification
 f - a potion of heal wounds {unknown}


   Skills:
 + Level 1.1 Fighting
 + Level 2.0 Dodging
 + Level 0.1 Stealth
 + Level 3.2 Unarmed Combat
 + Level 2.2 Spellcasting
 + Level 2.1 Transmutations


You had 4 spell levels left.
You knew the following spells:

 Your Spells              Type           Power      Damage    Failure   Level
a - Beastly Appendage     Tmut           20%        N/A       7%          1

Your spell library contained the following spells:

 Spells                   Type           Power      Damage    Failure   Level
 Wereblood                Tmut           10%        N/A       11%         2
 Spider Form              Tmut/Pois      6%         N/A       32%         3
 Ice Form                 Ice/Tmut       6%         N/A       71%         4


Dungeon Overview and Level Annotations

Branches:
Dungeon (2/15)

Altars:
Fedhas

Shops:
D:2 *


Innate Abilities, Weirdness & Mutations

Your plain brown scales are hard. (AC +4)
You cannot fit into any form of body armour.
You are cold-blooded and may be slowed by cold attacks.


Message History

You have reached level 2!
You barely miss the rat. The rat misses you.
You hit the rat.
You kill the rat!
You see here a rat corpse.
You see here a rat corpse.
There is an entrance to Dycven's General Store here.
Okay, then.
Unknown command.
There are no items here.
You open the door.
Found 6 gold pieces.
There is an open door here.
Found a smoky cyan potion.
You now have 18 gold pieces (gained 6).
A giant cockroach comes into view.
The giant cockroach closely misses you.
The giant cockroach bites you but does no damage.
You hit the giant cockroach.
You kill the giant cockroach!
f - a smoky cyan potion A ball python comes into view.
The ball python hisses angrily.
The ball python barely misses you. x2
You hit the ball python.
You kill the ball python!
You open the door.
Unknown command.
Found a robe.
Found a blossoming altar of Fedhas.
You see here a +0 robe.
Okay, then.
Unknown command.
You see here a +0 robe.
Are you sure you want to abandon this character and quit the game? (Confirm with "yes".)

... #.. #.#
##.###############
...............@#
##..####.#.#####.#
....# #.#.# #.#
....####.#.### #.#
.............# #.#
._.[####.#.#.# #.#
.....# #.#... #.#
....## #.#..#.##.#
...... ... .....


There were no monsters in sight!

Vanquished Creatures
  A dart slug (D:1)
  An endoplasm (D:1)
  A giant cockroach (D:2)
  A kobold (D:1)
  2 ball pythons
  A frilled lizard (D:1)
  3 rats
10 creatures vanquished.

Notes
Turn   | Place    | Note
-------+----------+-------------------------------------------
     0 | D:1      | McMuffin the Draconian Transmuter began the quest for the
                  | Orb.
     0 | D:1      | Reached XP level 1. HP: 16/16 MP: 3/3
   326 | D:2      | Found Dycven's General Store.
   332 | D:2      | Reached XP level 2. HP: 21/23 MP: 5/5
   466 | D:2      | Found a blossoming altar of Fedhas.
   496 | D:2      | Quit the game

Illustrated notes

Levels and vault maps discovered:
D:1:      dpeg_arrival_radiant, layout_basic, minmay_misc_feat_alley,
          columned_hall_lemuel, corner_web_ring, minmay_misc_feat_columns
D:2:      layout_loops_corners, serial_shops, shop, basic_altar,
          minmay_misc_feat_pillars, minmay_misc_feat_diagonals

Skill      XL: |  1 |
---------------+----+-----
Dodging        | 2 |  2.0
Fighting       | |  1.1
Stealth        | |  0.1
Unarmed Combat | |  3.2
Spellcasting   | |  2.2
Transmutations | |  2.1

Action                   || total
-------------------------++-------
Melee: Unarmed           ||    11
       Tailslap          ||     2
       Short sword       ||     5
Armor: Skin              ||     3
Dodge: Dodged            ||     9

Table legend: (Time is in decaauts)
 A = Elapsed time spent in this place.
 B = Non-inter-level travel time spent in this place.
 C = Inter-level travel time spent in this place.
 D = Time resting spent in this place.
 E = Time spent auto-exploring this place.
 F = Levels seen in this place.
 G = Mean time per level.
                   A        B        C        D        E       F      G
               +--------+--------+--------+--------+--------+-----+--------+
         Total |    494 |    493 |      1 |      0 |      0 |   2 |  247.0 |
       Dungeon |    494 |    493 |      1 |      0 |      0 |   2 |  247.0 |
               +--------+--------+--------+--------+--------+-----+--------+

Top non-repeatable levels by time:
     D:1: 317 daAuts
     D:2: 176 daAuts
